Map: Ghost River LE

Players

맹독충 - Winner!

  • Race: Zerg Zerg
  • Spawn Location: 1:00

모찌

  • Race: Protoss Protoss
  • Spawn Location: 11:00

VOD

Have the link to the VOD?

Description

Time

  • Played on: July 28, 2025, 2:16 a.m.
  • Length: 11:06
Show
View Real Time Build Order
Export as new Build Order

맹독충 Zerg - Winner!

Build Orders: Hatch First 

Get SALT Encoding   

  12  0:00  Drone  
  13  0:12  Overlord  
  13  0:16  Drone  
  14  0:30  Drone x2  
  14  0:34  Drone  
  17  0:45  Drone  
  18  0:54  Hatchery  
  17  0:57  Drone  
  18  1:05  Extractor  
  17  1:12  Spawning Pool  
  17  1:17  Drone x2  
  18  1:30  Drone  
  19  1:42  Drone  
  21  1:58  Queen  
  21  1:59  Overlord  
  22  2:07  Queen  
  22  2:08  Drone  
  25  2:11  Drone  
  25  2:13  Metabolic Boost  
  26  2:17  Zergling x2  
  26  2:21  Zergling x2  
  28  2:31  Extractor  
  28  2:32  Drone  
  28  2:50  Hatchery  
  27  2:53  Drone x2  
  27  2:55  Drone x3  
  32  2:59  Queen  
  34  3:06  Overlord  
  32  3:23  Drone x4  
  32  3:25  Overlord  
  32  3:26  Drone  
  38  3:27  Drone  
  38  3:32  Overlord  
  38  3:43  Drone  
  38  3:45  Extractor  
  38  3:48  Extractor  
  38  3:50  Lair  
  38  3:52  Drone  
  38  3:53  Drone x3  
  42  3:55  Drone  
  42  3:58  Drone  
  43  4:07  Queen  
  45  4:14  Drone x2  
  47  4:17  Drone x3  
  47  4:18  Drone  
  47  4:19  Drone  
  47  4:20  Drone  
  47  4:22  Drone  
  54  4:29  Overlord  
  54  4:30  Drone  
  55  4:37  Drone x2  
  57  4:38  Overlord  
  57  4:43  Zergling x2  
  57  4:44  Zergling x4  
  60  4:54  Drone  
  60  4:58  Hydralisk Den  
  60  5:02  Drone  
  60  5:03  Drone x2, Evolution Chamber  
  60  5:04  Evolution Chamber  
  61  5:14  Drone  
  62  5:15  Drone x4  
  62  5:16  Drone x5  
  71  5:25  Queen  
  73  5:30  Zerg Melee Weapons Level 1  
  73  5:31  Zerg Ground Armor Level 1  
  73  5:32  Grooved Spines  
  73  5:40  Overseer  
  71  5:45  Hydralisk  
  71  5:46  Hydralisk x2  
  71  5:47  Hydralisk x3  
  82  5:50  Overlord x2  
  82  5:59  Overseer  
  82  6:00  Overseer  
  82  6:04  Overlord  
  82  6:08  Hydralisk x2  
  82  6:09  Hydralisk  
  88  6:22  Muscular Augments  
  78  6:37  Hydralisk x6  
  78  6:39  Zergling x6  
  93  6:41  Hydralisk  
  93  6:42  Hydralisk x5  
  93  6:43  Overlord  
  93  6:44  Overlord x2  
  105  6:48  Extractor x2  
  103  6:55  Hatchery  
  102  7:09  Overseer  
  102  7:20  Infestation Pit  
  102  7:22  Drone  
  102  7:24  Zerg Missile Weapons Level 1  
  102  7:25  Zerg Melee Weapons Level 2  
  102  7:47  Drone x3  
  102  7:48  Drone x3  
  102  7:49  Drone x2  
  102  7:50  Drone  
  111  7:55  Drone  
  111  7:56  Drone x6  
  119  7:58  Drone  
  119  7:59  Drone x7  
  119  8:00  Hydralisk x2  
  119  8:03  Overlord  
  119  8:04  Overlord x2  
  130  8:11  Zergling x2  
  131  8:13  Zergling x2  
  131  8:14  Zergling x4  
  131  8:15  Zergling x2  
  135  8:24  Drone x2  
  137  8:45  Extractor  
  137  8:46  Extractor  
  135  8:53  Drone x3  
  138  9:09  Hatchery  
  137  9:17  Hydralisk x2  
  137  9:19  Hydralisk x6  
  137  9:21  Zergling x12  
  137  9:22  Overlord, Zergling x2  
  137  9:23  Overlord x4  
  147  10:13  Queen  
  149  10:14  Overlord x3  
  107  10:40  Hydralisk  
  107  10:41  Hydralisk x24  
  155  10:49  Zergling x2  
Show
View Real Time Build Order
Export as new Build Order

모찌 Protoss 

Build Orders: Dark Templar Rush 

Get SALT Encoding   

  1  0:00  Probe  
  13  0:15  Pylon  
  13  0:16  Probe  
  14  0:28  Probe  
  15  0:40  Probe  
  15  0:42  Gateway  
  16  0:49  Assimilator  
  16  0:52  Probe  
  16  0:55  Assimilator  
  17  1:21  Probe  
  18  1:33  Probe  
  18  1:36  Cybernetics Core  
  19  1:45  Probe  
  20  1:57  Probe  
  21  2:02  Nexus  
  21  2:05  Probe  
  21  2:13  Probe  
  23  2:40  Twilight Council  
  23  2:51  Pylon  
  23  3:07  Warp Gate  
  23  3:35  Templar Archives  
  23  3:38  Probe  
  23  3:39  Dark Shrine  
  23  3:42  Robotics Facility  
  23  3:46  Probe  
  25  3:55  Probe  
  26  4:08  Probe  
  27  4:14  Psionic Storm  
  27  4:16  Probe  
  28  4:24  Probe  
  29  4:34  Probe  
  30  4:46  Blink, Probe  
  31  4:58  Probe  
  31  4:59  Assimilator  
  32  5:01  Assimilator  
  32  5:10  Probe  
  32  5:13  Gateway x2  
  33  5:16  Gateway  
  33  5:17  Warp Prism  
  35  5:22  Probe  
  35  5:25  Dark Templar  
  38  5:34  Probe  
  39  5:54  Probe  
  40  6:02  Probe  
  40  6:08  Shadow Stride  
  40  6:11  Probe  
  42  6:23  Probe  
  43  6:35  Probe  
  42  6:47  Charge  
  42  6:53  Pylon  
  42  6:56  Probe  
  43  7:07  Nexus  
  43  7:08  Probe  
  44  7:09  Assimilator  
  44  7:13  Assimilator  
  44  7:20  Probe  
  45  7:32  Probe  
  46  7:44  Probe  
  46  7:47  Dark Templar x3  
  53  8:05  Gateway  
  53  8:06  Gateway  
  53  8:13  Pylon  
  53  8:18  Pylon  
  53  8:23  Pylon  
  53  8:27  Resonating Glaives  
  47  8:56  High Templar x3  
  47  8:57  High Templar  
  55  9:06  Forge  
  55  9:07  Forge  
  55  9:09  Forge  
  47  9:40  High Templar x6  
  33  10:25  Zealot x3  
  33  10:26  Zealot x2  
Tags
 
Add a new tag
Caveats
  • Supply blocks, unpowered buildings, or Contaminate may cause inaccurate times.
  • Supply counts are checked every 10 seconds.